 Dungeon Sprint DCSS version 0.23.2-1-ga50397a (webtiles) character file.

Game seed: 17813859993662849236

23 esteth the Magician (level 2, -8/20 HPs)
             Began as a Gnoll Wizard on Apr 21, 2019.
             Was the Champion of Jiyva.
             Killed from afar by a white draconian (28 damage)
             ... with a chilling blast
             ... in the Dungeon (Sprint V: "Ziggurat Sprint").
             The game lasted 00:03:33 (240 turns).

esteth the Magician (Gnoll Wizard)                   Turns: 240, Time: 00:03:34

Health: -8/20      AC:  7    Str:  9    XL:     2   Next: 95%
Magic:  8/10       EV: 10    Int: 32    God:    Jiyva [******]
Gold:   0          SH:  7    Dex: 13    Spells: 11/16 levels left

rFire    + . .     SeeInvis +   F - +5 demon whip
rCold    . . .     Gourm    .   G - +3 buckler
rNeg     . . .     Faith    .   P - +1 scale mail "Senapro" {Stlth+}
rPois    .         Spirit   .   b - +0 hat
rElec    .         Reflect  .   (no cloak)
rCorr    +         Harm     .   (no gloves)
MR       .....     Clarity  +   (no boots) Stlth ++........NoTele +
                                (no amulet)
HPRegen  0.06/turn              A - +6 ring of intelligence
MPRegen  0.12/turn              B - +6 ring of intelligence

@: no status effects
A: distributed training, fangs 1, see invisible, clarity, deterioration 1, fire
resistance 1, frail 1, eyeballs 2, strong nose
a: Request Jelly, Slimify, Cure Bad Mutation, Renounce Religion


You were in the Dungeon.
You worshipped Jiyva.
Jiyva was exalted by your worship.
You were completely stuffed.

You visited 1 branch

Inventory:

Hand Weapons
 m - a +5 demon trident
 E - a +5 lajatang
 F - a +5 demon whip (weapon)
 N - the +6 Majin-Bo {vamp, Archmagi MP+6 Int+6}
   (You found it in the Dungeon)

   It inflicts no extra harm, but heals its wielder when it wounds a living foe.
   It affects your intelligence (+6).
   It affects your magic capacity (+6).
Armour
 a - a +0 robe
 b - a +0 hat (worn)
 G - a +3 buckler (worn)
 H - +5 shadow dragon scales
 L - a +3 shield
 M - +5 storm dragon scales
 P - the +1 scale mail "Senapro" (worn) {Stlth+}
   (You found it in the Dungeon)

   It makes you more stealthy.
Magical Staves
 J - an uncursed staff of energy
Jewellery
 y - a +6 ring of dexterity
 z - a +6 ring of dexterity
 A - a +6 ring of intelligence (left hand)
 B - a +6 ring of intelligence (right hand)
 C - a +6 ring of strength
 D - a +6 ring of strength
 I - an uncursed ring of flight
 O - a +3 amulet of reflection
Wands
 v - a wand of disintegration (7)
 w - a wand of iceblast (7)
 x - a wand of acid (7)
Scrolls
 j - 4 scrolls of blinking
 p - 4 scrolls of amnesia
 q - 7 scrolls of fog
 r - a scroll of holy word
 s - 5 scrolls of identify
 t - 5 scrolls of remove curse
 u - 2 scrolls of fear
Potions
 c - 2 potions of brilliance
 e - 10 potions of curing
 f - 10 potions of heal wounds
 g - 6 potions of haste
 h - 7 potions of magic
 i - 3 potions of berserk rage
 k - 2 potions of invisibility
 l - 4 potions of resistance
 n - 5 potions of agility
 o - 5 potions of might
Miscellaneous
 K - a crystal ball of energy
Comestibles
 d - 6 rations


   Skills:
 + Level 2.5 Fighting
 + Level 2.5 Short Blades
 + Level 2.5 Long Blades
 + Level 2.5 Axes
 + Level 2.5 Maces & Flails
 + Level 2.5 Polearms
 + Level 2.5 Staves
 + Level 2.5 Slings
 + Level 2.5 Bows
 + Level 2.5 Crossbows
 + Level 2.5 Throwing
 + Level 2.5 Armour
 + Level 5.2 Dodging
 + Level 4.9 Stealth
 + Level 2.5 Shields
 + Level 2.5 Unarmed Combat
 + Level 7.6 Spellcasting
 + Level 3.0 Conjurations
 + Level 2.0 Hexes
 + Level 2.0 Charms
 + Level 3.0 Summonings
 + Level 2.0 Necromancy
 + Level 3.0 Translocations
 + Level 2.0 Transmutations
 + Level 2.0 Fire Magic
 + Level 2.0 Ice Magic
 + Level 2.0 Air Magic
 + Level 2.0 Earth Magic
 + Level 2.0 Poison Magic
 + Level 2.8 Invocations
 + Level 2.5 Evocations


You had 11 spell levels left.
You knew the following spells:

 Your Spells              Type           Power        Failure   Level  Hunger
a - Magic Dart            Conj           ####         11%         1    None
b - Blink                 Tloc           N/A          16%         2    None
c - Call Imp              Summ           ####....     16%         2    None

Your spell library contained the following spells:

 Spells                   Type           Power        Failure   Level  Hunger
 Slow                     Hex            ####....     22%         2    None
 Conjure Flame            Conj/Fire      ####....     36%         3    None
 Mephitic Cloud           Conj/Pois/Air  ####....     38%         3    None


Dungeon Overview and Level Annotations

Branches:
Dungeon (1/1)

Altars:
Ashenzari
Cheibriados
Dithmenos
Elyvilon
Fedhas
Gozag
Hepliaklqana
Kikubaaqudgha
Makhleb
Nemelex Xobeh
Okawaru
Qazlal
Ru
Sif Muna
Trog
Uskayaw
Vehumet
Wu Jian
Xom
Yredelemnul
Zin
The Shining One
Beogh
Jiyva
Lugonu

Annotations:
D 1 transporter


Innate Abilities, Weirdness & Mutations

Your experience applies equally to all skills.
You have very sharp teeth.
Your uncanny sense of smell can sniff out nearby items.
You have supernaturally acute eyesight. (SInv)
You possess an exceptional clarity of mind.
Your body sometimes deteriorates upon taking damage.
Your flesh is heat resistant. (rF+)
You are frail. (-10% HP)
Your body has grown many golden eyes which may confuse attackers. (Acc +5)


Message History

2 draconians and a white draconian come into view.
You hear a distant slurping noise.
You feel a little less hungry.
You hear a squelching noise.
Found three items.
Found a transporter.
Casting: Call Imp (safe; 16% risk of failure)
Confirm with . or Enter, or press ? or * to list all spells.
A beastly little devil appears in a puff of flame.
The draconian roars! x2; The white draconian roars!
You hear a distant slurping noise.
You feel a little less hungry.
You feel your power returning.
Casting: Call Imp (safe; 16% risk of failure)
Confirm with . or Enter, or press ? or * to list all spells.
A beastly little devil appears in a puff of flame.
Your crimson imp disappears in a puff of smoke!
Your crimson imp blinks!
The white draconian breathes frost at you.
The chilling blast hits you!!
Ouch! That really hurt!
You die...

▓▓▓▓▓▓▓▓▓▓▓▓▓
▓.8©8.▓.8©8.▓
∆∆∆
▓.|5".▓.....▓
∆
▓...d.▓.....▓
▓.dd..▓.....▓
▓.5...▓.....▓
▓.5.§.▓..©..▓
▓5§@..▓▓▓▓▓▓▓
▓▓▓▓▓▓▓ ∆∆∆
∆∆∆ ∆ ∆ ∆


You could see a white draconian, 2 draconians, a friendly iron imp and 3
friendly crimson imps.

Vanquished Creatures
  A mummy (D)
1 creature vanquished.

Vanquished Creatures (collateral kills)
  A mummy (D)
1 creature vanquished.

Grand Total: 2 creatures vanquished

Notes
Turn   | Place    | Note
-------+----------+-------------------------------------------
     0 | D        | Found the +6 Majin-Bo {vamp, Archmagi MP+6 Int+6}
     0 | D        | Found the +7 great mace "Firestarter" {inner flame, rF++}
     0 | D        | esteth the Gnoll Wizard began the quest for the Orb.
     0 | D        | Reached XP level 1. HP: 13/13 MP: 8/8
     0 | D        | Found a blossoming altar of Fedhas.
     1 | D        | Found a deep blue altar of Sif Muna.
     1 | D        | Found a sacrificial altar of Ru.
     1 | D        | Found a bloodstained altar of Trog.
     1 | D        | Found a stormy altar of Qazlal.
     1 | D        | Found an iron altar of Okawaru.
     1 | D        | Found a sparkling altar of Nemelex Xobeh.
     3 | D        | Found a transporter.
     3 | D        | Found an ancient bone altar of Kikubaaqudgha.
     3 | D        | Found a viscous altar of Jiyva.
     3 | D        | Found a corrupted altar of Lugonu.
     3 | D        | Found a hazy altar of Hepliaklqana.
     3 | D        | Found a burning altar of Makhleb.
     3 | D        | Found an opulent altar of Gozag.
    32 | D        | Found the +9 heavy crossbow "Sniper" {velocity, Acc+∞ SInv}
    32 | D        | Found the +10 dark maul {crush}
    32 | D        | Found the +15 Maxwell's patent armour {-Cast -Tele rElec
                  | MR+ rCorr}
    32 | D        | Found the +18 shield of the Gong {rElec rN+ MR+ EV-5}
    32 | D        | Found the cursed +14 obsidian axe {chop, +Fly SInv *Curse}
    35 | D        | Found the +6 shillelagh "Devastator" {shatter}
    35 | D        | Found the +11 plutonium sword {*Contam Stlth-}
    35 | D        | Found the +8 lance "Wyrmbane" {slay drac, rPois rF+ rC+
                  | AC+3}
    35 | D        | Found the +9 sword of Zonguldrok {reap}
    35 | D        | Found the cursed +13 scythe of Curses {drain, *Curse}
    35 | D        | Found the +0 sword of Power
    35 | D        | Found the +7 mace of Variability {chain chaos}
    35 | D        | Found the +7 Singing Sword {slice, sonic wave}
    35 | D        | Found the +7 longbow "Piercer" {penet, EV-2}
    50 | D        | Reached skill level 5 in Dodging
    50 | D        | Reached skill level 1 in Hexes
    50 | D        | Reached skill level 1 in Charms
    50 | D        | Reached skill level 1 in Necromancy
    50 | D        | Reached skill level 1 in Transmutations
    50 | D        | Reached skill level 1 in Fire Magic
    50 | D        | Reached skill level 1 in Ice Magic
    50 | D        | Reached skill level 1 in Air Magic
    50 | D        | Reached skill level 1 in Earth Magic
    50 | D        | Reached skill level 1 in Poison Magic
    50 | D        | Reached XP level 2. HP: 22/22 MP: 8/10
    86 | D        | Learned a level 2 spell: Blink
    89 | D        | Learned a level 2 spell: Call Imp
   202 | D        | Became a worshipper of Jiyva Jimis the Shapeless
   202 | D        | Reached * piety under Jiyva
   202 | D        | Reached ** piety under Jiyva
   202 | D        | Reached *** piety under Jiyva
   202 | D        | Gained mutation: Potions are less effective at restoring
                  | your health. [Jiyva's grace]
   202 | D        | Gained mutation: Your rubbery body absorbs attacks. (AC +1,
                  | EV +1) [Jiyva's grace]
   202 | D        | Reached **** piety under Jiyva
   202 | D        | Reached ***** piety under Jiyva
   202 | D        | Gained mutation: You evolve. [Jiyva's grace]
   202 | D        | Gained mutation: You passively map a small area around you.
                  | [Jiyva's grace]
   202 | D        | Lost mutation: You evolve. [Jiyva's grace]
   202 | D        | Reached ****** piety under Jiyva
   202 | D        | Gained mutation: You are resistant to hostile enchantments.
                  | (MR+) [Jiyva's grace]
   202 | D        | Gained mutation: You have supernaturally acute eyesight.
                  | (SInv) [Jiyva's grace]
   202 | D        | Lost mutation: You passively map a small area around you.
                  | [Jiyva's grace]
   202 | D        | Gained mutation: You have acidic saliva. [Jiyva's grace]
   202 | D        | Gained mutation: You are highly resistant to hostile
                  | enchantments. (MR++) [Jiyva's grace]
   202 | D        | Lost mutation: Your rubbery body absorbs attacks. (AC +1,
                  | EV +1) [Jiyva's grace]
   204 | D        | Gained mutation: Your spells are a little harder to cast,
                  | but a little more powerful. [Jiyva's grace]
   205 | D        | Gained mutation: Armour fits poorly on your pseudopods.
                  | [Jiyva's grace]
   205 | D        | Lost mutation: Your spells are a little harder to cast, but
                  | a little more powerful. [Jiyva's grace]
   205 | D        | Gained mutation: You occasionally shout uncontrollably at
                  | your foes. [Jiyva's grace]
   205 | D        | Gained mutation: Your body has grown golden eyes which may
                  | confuse attackers. (Acc +3) [Jiyva's grace]
   207 | D        | Entered arena 2.
   207 | D        | Gained mutation: You expend magic power (3 MP) to
                  | strengthen your wands. [Jiyva's grace]
   207 | D        | Gained mutation: You have sharp toenails. [Jiyva's grace]
   207 | D        | Lost mutation: Potions are less effective at restoring your
                  | health. [Jiyva's grace]
   207 | D        | Lost mutation: You expend magic power (3 MP) to strengthen
                  | your wands. [Jiyva's grace]
   207 | D        | Found a transporter.
   210 | D        | Gained mutation: Your body has grown many golden eyes which
                  | may confuse attackers. (Acc +5) [Jiyva's grace]
   210 | D        | Lost mutation: You have acidic saliva. [Jiyva's grace]
   210 | D        | Lost mutation: You are highly resistant to hostile
                  | enchantments. (MR++) [Jiyva's grace]
   214 | D        | Gained mutation: You are covered in slimy tendrils that may
                  | disarm your opponents. [Jiyva's grace]
   214 | D        | Lost mutation: Your body has grown many golden eyes which
                  | may confuse attackers. (Acc +5) [Jiyva's grace]
   214 | D        | Gained mutation: Your flesh is heat resistant. (rF+)
                  | [Jiyva's grace]
   214 | D        | Gained mutation: Your body has grown many golden eyes which
                  | may confuse attackers. (Acc +5) [Jiyva's grace]
   216 | D        | Lost mutation: Armour fits poorly on your pseudopods.
                  | [Jiyva's grace]
   216 | D        | Lost mutation: You occasionally shout uncontrollably at
                  | your foes. [Jiyva's grace]
   216 | D        | Gained mutation: Your translucent skin slightly reduces
                  | your foes' accuracy. (Stealth) [Jiyva's grace]
   217 | D        | Lost mutation: You have sharp toenails. [Jiyva's grace]
   217 | D        | Gained mutation: Your body is covered in golden eyes which
                  | may confuse attackers. (Acc +7, SInv) [Jiyva's grace]
   217 | D        | Gained mutation: Your flesh is cold resistant. (rC+)
                  | [Jiyva's grace]
   217 | D        | Gained mutation: Your body sometimes deteriorates upon
                  | taking damage. [Jiyva's grace]
   217 | D        | Lost mutation: You are covered in slimy tendrils that may
                  | disarm your opponents. [Jiyva's grace]
   217 | D        | Lost mutation: You are resistant to hostile enchantments.
                  | (MR+) [Jiyva's grace]
   217 | D        | Lost mutation: Your translucent skin slightly reduces your
                  | foes' accuracy. (Stealth) [Jiyva's grace]
   217 | D        | Gained mutation: You possess an exceptional clarity of
                  | mind. [Jiyva's grace]
   221 | D        | Lost mutation: Your flesh is cold resistant. (rC+) [Jiyva's
                  | grace]
   224 | D        | Got the +1 scale mail "Senapro" {Stlth+}
   226 | D        | Lost mutation: Your body is covered in golden eyes which
                  | may confuse attackers. (Acc +7, SInv) [Jiyva's grace]
   232 | D        | Gained mutation: You are frail. (-10% HP) [Jiyva's grace]
   238 | D        | Entered arena 3.
   238 | D        | Noticed a draconian
   238 | D        | Noticed a draconian
   238 | D        | Noticed a white draconian
   238 | D        | Found a transporter.
   240 | D        | Killed from afar by a white draconian

Skill      XL: |  1  2 |
---------------+-------+-----
Fighting       | 2 |  2.5
Short Blades   | 2 |  2.5
Long Blades    | 2 |  2.5
Axes           | 2 |  2.5
Maces & Flails | 2 |  2.5
Polearms       | 2 |  2.5
Staves         | 2 |  2.5
Slings         | 2 |  2.5
Bows           | 2 |  2.5
Crossbows      | 2 |  2.5
Throwing       | 2 |  2.5
Armour         | 2 |  2.5
Dodging        | 5 |  5.2
Shields        | 2 |  2.5
Unarmed Combat | 2 |  2.5
Conjurations   | 2 3 |  3.0
Hexes          | 1 2 |  2.0
Charms         | 1 2 |  2.0
Summonings     | 2 3 |  3.0
Necromancy     | 1 2 |  2.0
Translocations | 2 3 |  3.0
Transmutations | 1 2 |  2.0
Fire Magic     | 1 2 |  2.0
Ice Magic      | 1 2 |  2.0
Air Magic      | 1 2 |  2.0
Earth Magic    | 1 2 |  2.0
Poison Magic   | 1 2 |  2.0
Invocations    | 2 |  2.8
Evocations     | 2 |  2.5
Stealth        | |  4.9
Spellcasting   | |  7.6

Action                   || total
-------------------------++-------
Melee: Demon whip        ||     2
       Pseudopods        ||     1
 Cast: Call Imp          ||     5
  Use: Potion            ||     1
 Stab: Distracted        ||     1
  Eat: Ration            ||     1
Dodge: Dodged            ||     1
